 Dungeon Crawl Stone Soup version 0.21.1-1-g345015f (webtiles) character file.

102 vatarom the Skirmisher (level 5, -3/43 HPs)
             Began as a Formicid Abyssal Knight on Apr 23, 2018.
             Was a Believer of Lugonu.
             Killed from afar by a white imp (5 damage)
             ... with a puff of frost
             ... summoned by microfolk's ghost
             ... on level 3 of the Dungeon.
             The game lasted 00:02:29 (1995 turns).

vatarom the Skirmisher (Formicid Abyssal Knight)    Turns: 1995, Time: 00:02:30

Health: -3/43      AC:  4    Str: 16    XL:     5   Next: 5%
Magic:  7/7        EV: 11    Int: 12    God:    Lugonu [**....]
Gold:   95         SH:  0    Dex: 11    Spells: 4/4 levels left

rFire    . . .     SeeInvis +   a - +1 mace
rCold    . . .     Gourm    .   (no shield)
rNeg     . . .     Faith    .   b - +0 leather armour
rPois    .         Spirit   .   (helmet unavailable)
rElec    .         Reflect  .   e - +0 cloak
rCorr    .         Harm     .   (no gloves)
MR       .....                  (no boots)
Stlth    +.........             (no amulet)
HPRegen  0.14/turn              (no ring)
MPRegen  0.10/turn              (no ring)

@: no status effects
A: permanent stasis, dig shafts and tunnels, four strong arms, antennae 3
a: Dig, Shaft Self, Depart the Abyss, Bend Space, Renounce Religion


You were on level 3 of the Dungeon.
You worshipped Lugonu.
Lugonu was pleased with you.
You were hungry.

You visited 1 branch of the dungeon, and saw 3 of its levels.
You visited the Abyss 1 time.

You collected 95 gold pieces.

Inventory:

Hand Weapons
 a - a +1 mace (weapon)
Armour
 b - a +0 leather armour (worn)
 e - a +0 cloak (worn)
Wands
 k - a wand of random effects (38)
Scrolls
 d - 2 scrolls of fog {unknown}
 f - 2 scrolls of teleportation {unknown}
 g - a scroll of blinking {unknown}
 i - 2 scrolls of remove curse {unknown}
 j - a scroll of immolation {unknown}
 l - 2 scrolls of identify {unknown}
Books
 m - a book of Misfortune

   Spells                             Type                      Level
   a - Confusing Touch                Hexes                        1
   b - Confuse                        Hexes                        3
   c - Gell's Gravitas                Translocation                3
   d - Petrify                        Transmutation/Earth          4
   e - Metabolic Englaciation         Hexes/Ice                    5
   f - Yara's Violent Unravelling     Hexes/Transmutation          5
Comestibles
 c - 7 rations


   Skills:
 + Level 4.3 Fighting
 + Level 3.1 Maces & Flails
 - Level 2.1 Armour
 - Level 0.8 Dodging
 + Level 3.6 Invocations


You had 4 spell levels left.
You didn't know any spells.

Dungeon Overview and Level Annotations

Branches:
Dungeon (3/15)

Altars:
Okawaru

Annotations:
D:3 microfolk's ghost, amateur MfSu


Innate Abilities, Weirdness & Mutations

You cannot be hasted, slowed, berserked, paralysed or teleported.
You can dig through walls and to a lower floor.
Your four strong arms can wield two-handed weapons with a shield.
You have a pair of large antennae on your head. (SInv)


Message History

The crimson imp misses you. Microfolk's ghost hits you.
The white imp gestures at you. The puff of frost hits you!
* * * LOW HITPOINT WARNING * * *
You are too injured to fight recklessly!
Unknown command.
The crimson imp closely misses you.
The crimson imp blinks!
The crimson imp blinks!
The crimson imp shouts, "Capitulate, thou plume-plucked pigeon-egg bandersnitch!"
The crimson imp hits you but does no damage.
The white imp gestures at you. The puff of frost hits you!
* * * LOW HITPOINT WARNING * * *
Microfolk's ghost hits you.
* * * LOW HITPOINT WARNING * * *
The crimson imp blinks! x2
The white imp gestures at you. The puff of frost hits you!
You die...

#.###...####.#####.#
#.$..........# #.#
##.###...###..# #.#
#######..§###.# #..# #.#
#....(.....##.# #..# #.#
#.###....r..#.# #..# #<#
#........5.W#.####..# #b#
#..##..§....§.†.....## #a#
#. #......@##........####.#
#. #.##...##..####.#...{rW.
..........#........######.#
...#..........###### #.#
...........# #.#
...####..### #..
##.####..### ###
#........<# #.####(.#.#


You could see microfolk's ghost, a white imp and a quokka.

Vanquished Creatures
  Jessica (D:2)
  4 adders
  An ooze (D:2)
  A worm (D:2)
  A leopard gecko (D:1)
  2 bats
  A giant cockroach (D:3)
  2 goblins
  6 hobgoblins
  3 jackals (D:1)
  3 kobolds (D:2)
  A ball python (D:1)
  2 frilled lizards
  5 rats
33 creatures vanquished.

Notes
Turn   | Place    | Note
-------+----------+-------------------------------------------
     0 | Abyss:1  | vatarom the Formicid Abyssal Knight began the quest for the Orb.
     0 | Abyss:1  | Reached XP level 1. HP: 18/18 MP: 2/2
    12 | D:1      | Escaped the Abyss
   522 | D:1      | Reached XP level 2. HP: 19/24 MP: 3/3
   848 | D:2      | Reached XP level 3. HP: 12/30 MP: 5/5
  1023 | D:2      | Found an iron altar of Okawaru.
  1529 | D:2      | Reached skill level 4 in Fighting
  1529 | D:2      | Reached XP level 4. HP: 29/37 MP: 6/6
  1531 | D:2      | Noticed Jessica
  1543 | D:2      | Killed Jessica
  1547 | D:2      | Reached ** piety under Lugonu
  1802 | D:3      | Noticed microfolk's ghost (amateur MfSu)
  1823 | D:3      | Reached XP level 5. HP: 32/43 MP: 7/7
  1994 | D:3      | HP: 2/43 [microfolk's ghost (4)]
  1995 | D:3      | Killed from afar by a white imp

Skill      XL: |  1  2  3  4 |
---------------+-------------+-----
Invocations    | 3 |  3.6
Fighting       | 4 |  4.3
Maces & Flails | 3 |  3.1
Armour         | |  2.1
Dodging        | |  0.8

Action                   |  1- 3 |  4- 6 || total
-------------------------+-------+-------++-------
Melee: Mace              |    78 |    40 ||   118
  Eat: Chunk             |     2 |     1 ||     3
Armor: Leather armour    |    22 |    18 ||    40
Dodge: Dodged            |    62 |    33 ||    95
